 Dungeon Crawl Stone Soup version 0.28.0-45-g0d030f2227 (webtiles) character file.

Game seed: 12877448595329731223

3038 101zpm the Magician (level 9, -1/66 HPs)
             Began as a Gnoll Air Elementalist on Apr 23, 2022.
             Was a Believer of Sif Muna.
             Shot with an arrow by a centaur (5 damage)
             ... on level 9 of the Dungeon.
             The game lasted 00:40:05 (9145 turns).

101zpm the Magician (Gnoll Air Elementalist)        Turns: 9145, Time: 00:40:06

Health: -1/66      AC:  4    Str:  8    XL:     9   Next: 86%
Magic:  21/28      EV: 18    Int: 18    God:    Sif Muna [**....]
Gold:   334        SH:  5    Dex: 13    Spells: 14/21 levels left

rFire   + . .      SeeInvis .   m - +6 trident (vamp)
rCold   + . .      Faith    .   f - +0 buckler
rNeg    . . .      Spirit   .   y - +1 robe {rC+ rF+}
rPois   .          Reflect  .   (no helmet)
rElec   .          Harm     .   v - +0 cloak
rCorr   .          Rampage  .   (no gloves)
Will    .....                   (no boots)
Stlth   +++.......              (no amulet)
HPRegen 0.21/turn               i - +4 ring of evasion
MPRegen 0.21/turn               t - ring of magical power

@: no status effects
A: fangs 1, strong nose, distributed training
a: Renounce Religion, Channel Magic


You were on level 9 of the Dungeon.
You worshipped Sif Muna.
Sif Muna was pleased with you.
You visited 1 branch of the dungeon, and saw 9 of its levels.

You collected 374 gold pieces.
You spent 40 gold pieces at shops.

Inventory:

Hand Weapons
 m - a +6 vampiric trident (weapon)
Armour
 a - a +0 robe
 f - a +0 buckler (worn)
 j - the +0 ring mail of Bueris {-Tele rPois rF+++ Str+2 Int-4}
   (You found it on level 2 of the Dungeon)

   Str:       It affects your strength (+2).
   Int:       It affects your intelligence (-4).
   rF:        It renders you almost immune to fire.
   rPois:     It protects you from poison.
   -Tele:     It prevents most forms of teleportation.
 q - +0 fire dragon scales
 v - a +0 cloak (worn)
 y - a +1 robe of resistance (worn)
Jewellery
 i - a +4 ring of evasion (left hand)
 t - a ring of magical power (right hand)
 w - an amulet of magic regeneration
Wands
 u - a wand of iceblast (4)
 x - a wand of digging (4)
Scrolls
 b - a scroll of enchant weapon
 h - 2 scrolls of identify
 k - a scroll of noise
 l - 2 scrolls of teleportation
 p - 2 scrolls of torment
 r - a scroll of holy word
Potions
 c - 3 potions of attraction {unknown}
 d - a potion of might {unknown}
 e - 2 potions of degeneration {unknown}
 g - a potion of invisibility {unknown}
 n - 2 potions of magic {unknown}
 s - 2 potions of lignification {unknown}
 z - 2 potions of brilliance {unknown}
 A - a potion of curing {unknown}


   Skills:
 + Level 4.6 Fighting
 + Level 4.6 Short Blades
 + Level 4.6 Long Blades
 + Level 4.6 Axes
 + Level 4.6 Maces & Flails
 + Level 4.6 Polearms
 + Level 4.6 Staves
 + Level 4.6 Slings
 + Level 4.6 Bows
 + Level 4.6 Crossbows
 + Level 4.6 Throwing
 + Level 4.6 Armour
 + Level 6.6 Dodging
 + Level 6.3 Stealth
 + Level 4.6 Shields
 + Level 4.6 Unarmed Combat
 + Level 6.9 Spellcasting
 + Level 4.4 Conjurations
 + Level 3.8 Hexes
 + Level 3.8 Summonings
 + Level 3.8 Necromancy
 + Level 3.8 Translocations
 + Level 3.8 Transmutations
 + Level 3.8 Fire Magic
 + Level 3.8 Ice Magic
 + Level 6.7 Air Magic
 + Level 3.8 Earth Magic
 + Level 3.8 Poison Magic
 + Level 5.1 Invocations
 + Level 4.6 Evocations


You had 14 spell levels left.
You knew the following spells:

 Your Spells              Type           Power      Damage    Failure   Level
a - Shock                 Conj/Air       100%       1d9       1%          1
b - Airstrike             Air            15%        N/A       9%          4
c - Scorch                Fire           40%        2d7       4%          2

Your spell library contained the following spells:

 Spells                   Type           Power      Damage    Failure   Level
 Static Discharge         Conj/Air       26%        N/A       1%          2
 Slow                     Hex            80%        N/A       2%          1
 Swiftness                Air            30%        N/A       2%          3
 Confusing Touch          Hex            20%        N/A       9%          3
 Summon Guardian Golem    Hex/Summ       20%        N/A       9%          3
 Vampiric Draining        Necr           20%        2d7       9%          3
 Flame Wave               Conj/Fire      21%        2d7       26%         4
 Summon Cactus Giant      Summ           10%        N/A       99%         6
 Orb of Destruction       Conj           11%        9d6       100%        7
 Spellforged Servitor     Conj/Summ      10%        N/A       100%        7


Dungeon Overview and Level Annotations

Branches:
Dungeon (9/15)             Temple (0/1) D:4
   Lair: D:8-11         Orc: D:9-12

Altars:
Ashenzari
Cheibriados
Gozag
Makhleb
Ru
Sif Muna
Wu Jian
Xom
Zin
The Shining One

Shops:
D:3 *   D:5 **

Annotations:
D:6 1 runed translucent door, Crazy Yiuf


Innate Abilities, Weirdness & Mutations

You have very sharp teeth.
Your uncanny sense of smell can sniff out nearby items.
Your experience applies equally to all skills.


Message History

Press: ? - help, Q - select action, (/) - cycle Shift-Dir - straight line, f/p - killer bee
Aim: a killer bee (almost dead, 48% to hit)
The zap hits the killer bee.
You kill the killer bee!
Sif Muna accepts your kill.
You feel sick.
You feel sick.
You are no longer poisoned.
You block the hornet's attack.
You see here a killer bee corpse.
There is a stone staircase leading up here.
The hornet closely misses you. The hornet completely misses you.
You climb upwards.
The killer bee stings you.
* * * LOW HITPOINT WARNING * * *
You block the killer bee's attack. The killer bee misses you.
You block the killer bee's attack. The killer bee completely misses you.
The killer bee stings you.
* * * LOW HITPOINT WARNING * * *
There is a stone staircase leading down here.
As you read the scroll of fear, it crumbles to dust.
You assume a fearsome visage.
The howler monkey zombie is unaffected.
The hornet looks frightened!
The killer bee looks frightened! x2
The howler monkey zombie closely misses you.
You climb downwards.
The yak barely misses you. The yak misses you. The yak closely misses you.
There is a stone staircase leading up here.
The yak gores you but does no damage.
A yak comes into view.
Found a scroll labelled OBIDEG ONLUGAL.
The yak bellows!
A centaur comes into view. It is wielding a +0 mace.
The centaur shouts!
You hear a shout!
The centaur unwields a +0 mace.
The centaur wields a +0 shortbow.
The centaur shoots an arrow.
The arrow closely misses you.
The centaur shoots an arrow.
The arrow barely misses you.
The centaur shoots an arrow.
The arrow hits you.
* * * LOW HITPOINT WARNING * * *
The centaur shoots an arrow.
You block the arrow.
The centaur shoots an arrow.
The arrow hits you.
You die...

#.....#
#.....#
#.....#
###.....#
........#
........#
#......#
#....?@#
#......#
#..c.YY#
#......#
#......#
#....YY#
#......#
.......
#..Y...#
.......
#......#


You could see 5 yaks and a centaur.

Vanquished Creatures
  Grinder (D:5)
  Prince Ribbit (D:6)
  An acid dragon (D:6)
  2 water moccasins (D:6)
  2 black bears (D:5)
  2 ice beasts (D:6)
  2 necrophages
  A sky beast (D:5)
  A hornet zombie (D:6)
  A centaur (D:7)
  An ogre (D:5)
  Blork the orc (D:5)
  3 bullfrogs (D:6)
  A gnoll sergeant (D:3)
  A wyvern zombie (D:7)
  A scorpion (D:5)
  3 killer bees (D:9)
  5 wights (D:7)
  A howler monkey (D:6)
  A centaur zombie (D:7)
  2 hounds
  A jelly (D:6)
  A gnoll shaman (D:6)
  2 orc priests (D:7)
  An iguana (D:6)
  6 orc wizards
  A howler monkey zombie (D:5)
  4 adders
  9 gnolls
  An ufetubus (D:2)
  A dart slug (D:2)
  25 orcs
  7 endoplasms
  3 giant cockroaches
  13 goblins
  8 hobgoblins
  4 jackals (D:2)
  4 quokkas
  5 ball pythons
  7 bats
  2 frilled lizards
  6 kobolds
  6 rats
151 creatures vanquished.

Notes
Turn   | Place    | Note
-------+----------+-------------------------------------------
     0 | D:1      | 101zpm the Gnoll Air Elementalist began the quest for the
                  | Orb.
     0 | D:1      | Reached XP level 1. HP: 13/13 MP: 6/6
   233 | D:1      | Reached XP level 2. HP: 19/19 MP: 5/7
   915 | D:1      | Reached XP level 3. HP: 25/25 MP: 3/9
  1076 | D:2      | Reached skill level 5 in Spellcasting
  1285 | D:2      | Reached skill level 1 in Invocations
  1407 | D:2      | Reached skill level 1 in Fighting
  1407 | D:2      | Reached skill level 1 in Short Blades
  1407 | D:2      | Reached skill level 1 in Long Blades
  1407 | D:2      | Reached skill level 1 in Axes
  1407 | D:2      | Reached skill level 1 in Maces & Flails
  1407 | D:2      | Reached skill level 1 in Polearms
  1407 | D:2      | Reached skill level 1 in Staves
  1407 | D:2      | Reached skill level 1 in Slings
  1407 | D:2      | Reached skill level 1 in Bows
  1407 | D:2      | Reached skill level 1 in Crossbows
  1407 | D:2      | Reached skill level 1 in Throwing
  1407 | D:2      | Reached skill level 1 in Armour
  1407 | D:2      | Reached skill level 1 in Shields
  1407 | D:2      | Reached skill level 1 in Unarmed Combat
  1407 | D:2      | Reached skill level 1 in Evocations
  1407 | D:2      | Reached XP level 4. HP: 29/32 MP: 6/11
  1476 | D:2      | Found a burning altar of Makhleb.
  1950 | D:2      | Identified the +0 ring mail of Bueris {-Tele rPois rF+++
                  | Str+2 Int-4}
  1991 | D:3      | Noticed a gnoll sergeant
  2196 | D:3      | Reached skill level 1 in Hexes
  2196 | D:3      | Reached skill level 1 in Summonings
  2196 | D:3      | Reached skill level 1 in Necromancy
  2196 | D:3      | Reached skill level 1 in Translocations
  2196 | D:3      | Reached skill level 1 in Transmutations
  2196 | D:3      | Reached skill level 1 in Fire Magic
  2196 | D:3      | Reached skill level 1 in Ice Magic
  2196 | D:3      | Reached skill level 1 in Earth Magic
  2196 | D:3      | Reached skill level 1 in Poison Magic
  2386 | D:3      | Reached XP level 5. HP: 37/37 MP: 7/12
  2464 | D:3      | Found Vesch's General Store.
  2529 | D:3      | Found a snail-covered altar of Cheibriados.
  2566 | D:3      | Found a faded altar of an unknown god.
  2660 | D:3      | Reached XP level 6. HP: 20/44 MP: 4/13
  2922 | D:3      | Prayed at the altar of an unknown god.
  2922 | D:3      | Became a worshipper of Sif Muna the Loreminder
  2922 | D:3      | Reached * piety under Sif Muna
  2958 | D:4      | Found a staircase to the Ecumenical Temple.
  3523 | D:4      | Noticed a necrophage
  3545 | D:4      | Killed a necrophage
  3546 | D:4      | Reached skill level 5 in Dodging
  3925 | D:5      | Entered Level 5 of the Dungeon
  4175 | D:5      | Found Waexeats's General Store.
  4183 | D:5      | Bought a scroll of identify for 20 gold pieces
  4183 | D:5      | Bought a scroll of identify for 20 gold pieces
  4199 | D:5      | Found Zin's Purification Station.
  4200 | D:5      | Found a glowing silver altar of Zin.
  4210 | D:5      | Reached XP level 7. HP: 49/50 MP: 10/15
  4382 | D:5      | Found an opulent altar of Gozag.
  4396 | D:5      | Found a glowing golden altar of the Shining One.
  4399 | D:5      | Found a shimmering blue altar of Sif Muna.
  4402 | D:5      | Found a shimmering altar of Xom.
  4424 | D:5      | Noticed Grinder
  4432 | D:5      | Paralysed by Grinder for 3 turns
  4440 | D:5      | Paralysed by Grinder for 5 turns
  4631 | D:5      | Found a broken altar of Ashenzari.
  4753 | D:5      | Noticed Blork the orc
  4819 | D:5      | Reached skill level 5 in Stealth
  5158 | D:5      | Reached XP level 8. HP: 56/57 MP: 9/16
  5210 | D:5      | Paralysed by Grinder for 6 turns
  5219 | D:5      | Killed Grinder
  5325 | D:5      | Found a sacrificial altar of Ru.
  5411 | D:5      | Found an ornate altar of the Wu Jian Council.
  6104 | D:5      | Killed Blork the orc
  6326 | D:5      | Learned a level 4 spell: Airstrike
  6786 | D:6      | Noticed Prince Ribbit
  6789 | D:6      | Killed Prince Ribbit
  6789 | D:6      | Reached ** piety under Sif Muna
  6790 | D:6      | Reached XP level 9. HP: 65/65 MP: 14/18
  7873 | D:6      | Found a runed translucent door.
  7874 | D:6      | Noticed Crazy Yiuf
  7960 | D:6      | Learned a level 2 spell: Scorch
  8598 | D:7      | Reached skill level 5 in Invocations
  9106 | D:9      | Noticed a hornet
  9145 | D:9      | Shot with an arrow by a centaur

Illustrated notes

Levels and vault maps discovered:
D:1:      psy_arrival_heroes, layout_basic, grunt_decor_mini_mirrors,
          dk_noncrumbling_4
D:2:      layout_rooms, basic_altar, corexii_item_surrounded_by_moat
D:3:      layout_rooms, mainiacjoe_overflow_surrounded_room,
          ebering_ecumenical_altar_sacrificial, serial_shops, shop
D:4:      layout_loops_corners, temple_pool_b, serial_rivers,
          chequers_serial_rivers_small_a, chequers_serial_rivers_small_b,
          chequers_serial_rivers_micro_b, chequers_serial_rivers_marsh,
          hangedman_abyss_or_decor_slice
D:5:      layout_loops_ring, nicolae_ashenzari_skybound,
          nicolae_overflow_hidden_temple, nicolae_ru_awakened_eye,
          grunt_temple_overflow_cloverleaf, zin_purify, serial_shops, shop,
          uniq_blork_the_orc, uniq_grinder
D:6:      layout_loops_cross, chequers_serial_rivers_marsh,
          uniq_crazy_yiuf_cottage, uniq_prince_ribbit1
D:7:      layout_cave_pools
D:8:      statuecave_lemuel, layout_cave_pools, general_overflow_altar,
          serial_column_ruins, column_ruins_open_small, column_ruins_grid_3,
          column_ruins_corridor_corner, column_ruins_open_small,
          column_ruins_grid_1, column_ruins_open_tiny, uniq_pikel, uniq_harold,
          uniq_maurice, uniq_maggie
D:9:      layout_long_grid, uniq_erica

Skill      XL: |  1  2  3  4  5  6  7  8  9 |
---------------+----------------------------+-----
Conjurations   | 2 3 4 |  4.4
Spellcasting   | 5 6 |  6.9
Invocations    | 1 2 3 4 5 |  5.1
Fighting       | 1 2 3 4 |  4.6
Short Blades   | 1 2 3 4 |  4.6
Long Blades    | 1 2 3 4 |  4.6
Axes           | 1 2 3 4 |  4.6
Maces & Flails | 1 2 3 4 |  4.6
Polearms       | 1 2 3 4 |  4.6
Staves         | 1 2 3 4 |  4.6
Slings         | 1 2 3 4 |  4.6
Bows           | 1 2 3 4 |  4.6
Crossbows      | 1 2 3 4 |  4.6
Throwing       | 1 2 3 4 |  4.6
Armour         | 1 2 3 4 |  4.6
Shields        | 1 2 3 4 |  4.6
Unarmed Combat | 1 2 3 4 |  4.6
Evocations     | 1 2 3 4 |  4.6
Hexes          | 1 2 3 |  3.8
Summonings     | 1 2 3 |  3.8
Necromancy     | 1 2 3 |  3.8
Translocations | 1 2 3 |  3.8
Transmutations | 1 2 3 |  3.8
Fire Magic     | 1 2 3 |  3.8
Ice Magic      | 1 2 3 |  3.8
Earth Magic    | 1 2 3 |  3.8
Poison Magic   | 1 2 3 |  3.8
Dodging        | 5 6 |  6.6
Stealth        | 5 6 |  6.3
Air Magic      | 6 |  6.7

Action                   |  1- 3 |  4- 6 |  7- 9 || total
-------------------------+-------+-------+-------++-------
Melee: Trident           |       |       |     9 ||     9
       Bite              |       |       |     1 ||     1
 Cast: Shock             |    66 |   126 |   137 ||   329
       Airstrike         |       |       |    57 ||    57
  Use: Scroll            |       |     3 |     4 ||     7
Armor: Robe              |       |     3 |     9 ||    12
Dodge: Dodged            |     4 |    10 |    90 ||   104
Block: Buckler           |       |     5 |    19 ||    24
